WCHLSIM.com - West Coast Hockey League
html PUBLIC "-//W3C//DTD XHTML 1.0 Transitional//EN" "http://www.w3.org/TR/xhtml1/DTD/xhtml1-transitional.dtd"> WCHL - Game 71 - VANCOUVER VOODOO vs WINNIPEG BEAVERS

VANCOUVER VOODOO vs WINNIPEG BEAVERS

Created - 22 novembre 2020 at 22:39

Goals
1 2 3 OT1 SO T
VANCOUVER VOODOO 0 1 1 0 2 3
WINNIPEG BEAVERS 1 1 0 0 1 2
Shots
1 2 3 OT1 SO T
VANCOUVER VOODOO 7 10 6 1 4 24
WINNIPEG BEAVERS 9 18 11 5 4 43

1st period

1. WINNIPEG BEAVERS , Sean Kuraly 1 (Travis Zajac 1, Brandon Tanev 3) at 4:34

Penalties :
Sergei Bobrovsky (WIN) for Slashing (Minor) at 6:23 - Sean Kuraly served the penalty., Mathew Dumba (VAN) for Holding (Minor) at 16:21, Rasmus Asplund (VAN) for Interference (Minor) at 19:03

2nd period

2. WINNIPEG BEAVERS , Artemi Panarin 2 (Brad Marchand 8, David Krejci 3) at 18:17
3. VANCOUVER VOODOO , Andrew Shaw 2 (Paul Byron 2) at 18:28

Penalties :
Rasmus Asplund (VAN) for Hooking (Minor) at 12:45, Joe Pavelski (WIN) for Fighting (Major) at 17:45, Filip Chlapik (VAN) for Fighting (Major) at 17:45

3rd period

4. VANCOUVER VOODOO , Noel Acciari 5 (Artturi Lehkonen 2, Martin Jones) at 1:24 (PP)

Penalties :
Dylan DeMelo (WIN) for Tripping (Minor) at 1:14, Mathew Dumba (VAN) for Diving (Minor) at 2:43, Brendan Lemieux (VAN) for Hooking (Minor) at 5:33

Overtime #1

No Goal

Penalties :
No Penalty

Shootout

VANCOUVER VOODOO, Paul Byron - Shot Misses the Net
WINNIPEG BEAVERS, Brad Marchand - Goal!
VANCOUVER VOODOO, Noel Acciari - Stopped by Sergei Bobrovsky
WINNIPEG BEAVERS, Mika Zibanejad - Stopped by Martin Jones
VANCOUVER VOODOO, Joel Armia - Goal!
WINNIPEG BEAVERS, Artemi Panarin - Shot Misses the Net
VANCOUVER VOODOO, Jared McCann - Goal!
WINNIPEG BEAVERS, Joe Pavelski - Shot Misses the Net

Penalties :
No Penalty

Goalie Stats

Martin Jones (VAN), 41 saves from 43 shots - (0,953), W, 2-0-0, 65:00 minutes
Sergei Bobrovsky (WIN), 22 saves from 24 shots - (0,917), OTL, 2-0-2, 65:00 minutes

Players Stats for VANCOUVER VOODOO

Player Name              G  A  P  +/- PIM S  H  SB GA TA FO     MP     PP MP  PK MP  
------------------------------------------------------------------------------------
Andrew Shaw              1  0  1  -1  0   3  2  1  0  0  11/31  22:12   1:15   4:37 
Artturi Lehkonen         0  1  1  -2  0   2  1  0  0  0  0/0    18:49   0:54   4:37 
Brayden Burke            0  0  0   0  0   0  0  0  0  0  0/0     5:54   0:00   0:00 
Brendan Lemieux          0  0  0   0  2   1  1  0  0  0  0/0    16:46   0:00   0:00 
Danny DeKeyser           0  0  0  -2  0   1  3  1  0  0  0/0    23:31   0:00   4:47 
Filip Chlapik            0  0  0   0  5   3  3  1  0  0  4/12   12:14   0:44   0:00 
Jared McCann             0  0  0   0  0   3  0  0  0  0  14/26  20:14   1:25   0:00 
Jarred Tinordi           0  0  0   0  0   0  4  2  0  0  0/0    18:23   0:00   4:41 
Joel Armia               0  0  0  -2  0   2  1  0  0  0  0/0    21:24   1:15   5:17 
Mathew Dumba             0  0  0  -2  4   0  2  3  0  0  0/0    25:28   1:25   3:00 
Max Jones                0  0  0   1  0   1  0  0  0  0  0/1    12:21   0:00   0:00 
Mike Green               0  0  0   1  0   0  1  1  0  0  0/0    18:20   0:44   0:08 
Nicolas Hague            0  0  0   0  0   0  0  0  0  0  0/0    16:25   0:44   1:59 
Nicolas Roy              0  0  0   0  0   1  2  0  0  0  0/0     5:54   0:00   0:00 
Noel Acciari             1  0  1   0  0   1  0  1  0  0  3/11   26:01   0:54   5:17 
P.K. Subban              0  0  0   1  0   2  4  1  0  0  0/0    22:51   1:25   5:13 
Paul Byron               0  1  1   1  0   4  1  1  0  0  0/0    12:21   0:00   0:00 
Rasmus Asplund           0  0  0   0  4   0  0  0  0  0  1/6     5:52   0:00   0:00 

Players Stats for WINNIPEG BEAVERS

Player Name              G  A  P  +/- PIM S  H  SB GA TA FO     MP     PP MP  PK MP  
------------------------------------------------------------------------------------
Artemi Panarin           1  0  1   0  0   8  1  0  0  0  2/3    22:25   5:59   0:00 
Brad Marchand            0  1  1   0  0   9  0  0  0  0  0/1    26:04   5:59   0:00 
Brandon Tanev            0  1  1   1  0   2  2  0  0  0  0/1    15:18   3:55   1:16 
Caleb Jones              0  0  0   1  0   0  2  1  0  0  0/0    21:29   6:09   0:00 
Carson Soucy             0  0  0   1  0   0  0  0  0  0  0/0    16:27   0:00   1:26 
Colin Wilson             0  0  0   0  0   2  0  0  0  0  0/0     8:15   0:00   0:00 
David Krejci             0  1  1   0  0   1  1  0  0  0  14/23  18:59   3:55   0:06 
Dylan DeMelo             0  0  0  -1  2   1  1  0  0  0  0/0    21:11   3:45   1:16 
Gustav Nyquist           0  0  0   0  0   1  0  0  0  0  0/1    20:03   3:55   0:53 
Joe Pavelski             0  0  0   0  5   4  1  0  0  0  1/3    22:08   6:09   1:10 
Justin Braun             0  0  0   1  0   0  0  1  0  0  0/0    23:56   3:45   0:43 
Kris Russell             0  0  0  -1  0   1  0  2  0  0  0/0    19:47   0:00   0:43 
Michael Raffl            0  0  0   0  0   1  0  0  0  0  0/0     8:15   0:00   0:00 
Mika Zibanejad           0  0  0   0  0   10 2  1  0  0  20/30  24:08   5:59   0:00 
Nick Seeler              0  0  0   1  0   0  5  0  0  0  0/0    14:44   0:00   0:10 
Sean Kuraly              1  0  1   1  0   1  0  0  0  0  1/1    10:07   0:00   0:00 
Steven Lorentz           0  0  0   0  0   0  1  1  0  0  5/8     8:15   0:00   0:00 
Travis Zajac             0  1  1   1  0   2  0  0  0  0  11/16  11:18   0:00   0:53 

3 Stars

1 - Martin Jones (VAN)
2 - Andrew Shaw (VAN)
3 - Sean Kuraly (WIN)

Power Play

VANCOUVER VOODOO - 1 on 2 Attempt(s) - 50,00%
WINNIPEG BEAVERS - 0 on 5 Attempt(s) - 0,00%

Penalty Kill

VANCOUVER VOODOO - 5 on 5 Attempt(s) - 100,00% - Score 0 goal in Penalty Kill
WINNIPEG BEAVERS - 1 on 2 Attempt(s) - 50,00% - Score 0 goal in Penalty Kill

Team Stat

VANCOUVER VOODOO - Hits : 25 - Faceoff Wins : 33 - Blocked Shots : 12 - Penalty Minutes : 15
WINNIPEG BEAVERS - Hits : 16 - Faceoff Wins : 54 - Blocked Shots : 6 - Penalty Minutes : 9

Official

Referees : Graham Skilliter and Brian Pochmara
Linesman : Tony Sericolo and Brent Colby

Game Notes

Joe Pavelski and Filip Chlapik fight to a draw at 17:45 of 2nd period

Finance

Level 1 -- Attendance: 6000 (100,00%) -- Ticket Income 744 000 $
Level 2 -- Attendance: 5000 (100,00%) -- Ticket Income 435 000 $
Level 3 -- Attendance: 2000 (100,00%) -- Ticket Income 128 000 $
Level 4 -- Attendance: 4000 (100,00%) -- Ticket Income 172 000 $
Luxury Box -- Attendance: 1000 (100,00%) -- Ticket Income 255 000 $
Total Attendance: 18000 (100,00%)
Total Ticket Income: 1 734 000 $
Other Income: 606 900 $
Total Income: 2 340 900 $

VANCOUVER VOODOO

5 vs 5 Forward 
   Center                   Left Wing                Right Wing               Time % Phy DF OF 
 1 Jared McCann             Brendan Lemieux          Noel Acciari             36     1   1  3  
 2 Andrew Shaw              Artturi Lehkonen         Joel Armia               31     2   1  2  
 3 Filip Chlapik            Max Jones                Paul Byron               25     2   2  1  
 4 Rasmus Asplund           Brayden Burke            Nicolas Roy              8      1   2  2  

5 vs 5 Defense 
   Defense                  Defense                                           Time % Phy DF OF 
 1 Mathew Dumba             Danny DeKeyser                                    36     1   1  3  
 2 P.K. Subban              Mike Green                                        33     2   3  0  
 3 Jarred Tinordi           Nicolas Hague                                     31     1   1  3  
 4 Mathew Dumba             Mike Green                                        0      1   2  2  

PowerPlay Forward 
   Center                   Left Wing                Right Wing               Time % Phy DF OF 
 1 Andrew Shaw              Jared McCann             Joel Armia               50     1   1  3  
 2 Filip Chlapik            Artturi Lehkonen         Noel Acciari             50     3   0  2  

PowerPlay Defense
   Defense                  Defense                                           Time % Phy DF OF 
 1 Mathew Dumba             P.K. Subban                                       50     1   1  3  
 2 Nicolas Hague            Mike Green                                        50     1   2  2  

Penalty Kill 4 Players Forward 
   Center                   Wing                     Time % Phy DF OF 
 1 Noel Acciari             Joel Armia               50     1   4  0  
 2 Andrew Shaw              Artturi Lehkonen         50     2   2  1  

Penalty Kill 4 Players Defense
   Defense                  Defense                  Time % Phy DF OF 
 1 Danny DeKeyser           Jarred Tinordi           50     3   2  0  
 2 P.K. Subban              Mathew Dumba             50     1   3  1  

Penalty Kill - 3 Players Forward 
   Forward                                           Time % Phy DF OF 
 1 Noel Acciari                                      50     1   4  0  
 2 Jared McCann                                      50     2   3  0  

Penalty Kill - 3 Players Defense
   Defense                  Defense                  Time % Phy DF OF 
 1 Danny DeKeyser           Nicolas Hague            50     1   3  1  
 2 Jarred Tinordi           Mathew Dumba             50     2   3  0  

4 vs 4 Forward 
   Center                   Wing                     Time % Phy DF OF 
 1 Rasmus Asplund           Paul Byron               55     1   2  2  
 2 Filip Chlapik            Nicolas Roy              45     1   3  1  

4 vs 4 Defense
   Defense                  Defense                  Time % Phy DF OF 
 1 Nicolas Hague            Mike Green               50     2   2  1  
 2 Jarred Tinordi           P.K. Subban              50     1   1  3  

Last Minutes Offensive
   Center                   Left Wing                Right Wing               Defense                  Defense                  
   Noel Acciari             Jared McCann             Joel Armia               Mathew Dumba             P.K. Subban              

Last Minutes Defensive
   Center                   Left Wing                Right Wing               Defense                  Defense                  
   Noel Acciari             Jared McCann             Joel Armia               Mathew Dumba             P.K. Subban              

Goaltenders
Starting : Martin Jones             
Backup : Carey Price              

Extra Forwards
Normal : Filip Chlapik, Andrew Shaw, Max Jones - PP : Filip Chlapik, Andrew Shaw - PK : Filip Chlapik
Extra Defensemen
Normal : Jarred Tinordi, Mathew Dumba, Danny DeKeyser - PP : Mike Green - PK : Nicolas Hague, Danny DeKeyser
Penalty Shots
Paul Byron, Noel Acciari, Joel Armia, Jared McCann, Artturi Lehkonen
Custom OT Lines Forwards
Andrew Shaw, Noel Acciari, Joel Armia, Jared McCann, Artturi Lehkonen, Nicolas Roy, Paul Byron, Brendan Lemieux, Max Jones, Filip Chlapik
Custom OT Lines Defensemen
Mathew Dumba, Danny DeKeyser, P.K. Subban, Nicolas Hague, Mike Green

Scratches
Mikael Backlund (Healthy), Bryan Little (Right Foot Injury), Cameron Gaunce (Torn Left Knee Ligaments Injury)

WINNIPEG BEAVERS

5 vs 5 Forward 
   Center                   Left Wing                Right Wing               Time % Phy DF OF 
 1 Mika Zibanejad           Brad Marchand            Gustav Nyquist           34     0   2  3  
 2 David Krejci             Artemi Panarin           Joe Pavelski             33     0   2  3  
 3 Travis Zajac             Sean Kuraly              Brandon Tanev            23     1   3  1  
 4 Steven Lorentz           Colin Wilson             Michael Raffl            10     1   4  0  

5 vs 5 Defense 
   Defense                  Defense                                           Time % Phy DF OF 
 1 Justin Braun             Caleb Jones                                       32     1   2  2  
 2 Dylan DeMelo             Kris Russell                                      32     1   2  2  
 3 Carson Soucy             Nick Seeler                                       26     1   4  0  
 4 Justin Braun             Kris Russell                                      10     1   2  2  

PowerPlay Forward 
   Center                   Left Wing                Right Wing               Time % Phy DF OF 
 1 Mika Zibanejad           Brad Marchand            Artemi Panarin           53     0   0  5  
 2 David Krejci             Brandon Tanev            Gustav Nyquist           47     0   1  4  

PowerPlay Defense
   Defense                  Defense                                           Time % Phy DF OF 
 1 Joe Pavelski             Caleb Jones                                       54     0   1  4  
 2 Justin Braun             Dylan DeMelo                                      46     0   1  4  

Penalty Kill 4 Players Forward 
   Center                   Wing                     Time % Phy DF OF 
 1 Travis Zajac             Gustav Nyquist           52     0   4  1  
 2 Joe Pavelski             Brandon Tanev            48     0   4  1  

Penalty Kill 4 Players Defense
   Defense                  Defense                  Time % Phy DF OF 
 1 Justin Braun             Kris Russell             53     1   4  0  
 2 Dylan DeMelo             Carson Soucy             47     1   4  0  

Penalty Kill - 3 Players Forward 
   Forward                                           Time % Phy DF OF 
 1 Brad Marchand                                     55     1   2  2  
 2 Mika Zibanejad                                    45     1   2  2  

Penalty Kill - 3 Players Defense
   Defense                  Defense                  Time % Phy DF OF 
 1 Justin Braun             Kris Russell             55     1   2  2  
 2 Dylan DeMelo             Carson Soucy             45     1   2  2  

4 vs 4 Forward 
   Center                   Wing                     Time % Phy DF OF 
 1 Mika Zibanejad           Artemi Panarin           50     0   2  3  
 2 David Krejci             Brad Marchand            50     0   2  3  

4 vs 4 Defense
   Defense                  Defense                  Time % Phy DF OF 
 1 Justin Braun             Kris Russell             50     1   2  2  
 2 Dylan DeMelo             Carson Soucy             50     1   2  2  

Last Minutes Offensive
   Center                   Left Wing                Right Wing               Defense                  Defense                  
   Mika Zibanejad           Brad Marchand            Artemi Panarin           Justin Braun             Kris Russell             

Last Minutes Defensive
   Center                   Left Wing                Right Wing               Defense                  Defense                  
   Mika Zibanejad           Brad Marchand            Artemi Panarin           Justin Braun             Kris Russell             

Goaltenders
Starting : Sergei Bobrovsky         
Backup : Linus Ullmark            

Extra Forwards
Normal : Brad Marchand, Travis Zajac, Brandon Tanev - PP : Mika Zibanejad, Travis Zajac - PK : Brandon Tanev
Extra Defensemen
Normal : Caleb Jones, Nick Seeler, Dylan DeMelo - PP : Caleb Jones - PK : Nick Seeler, Dylan DeMelo
Penalty Shots
Brad Marchand, Mika Zibanejad, Artemi Panarin, Joe Pavelski, David Krejci
Custom OT Lines Forwards
Brad Marchand, Mika Zibanejad, Artemi Panarin, Joe Pavelski, David Krejci, Travis Zajac, Gustav Nyquist, Brandon Tanev, Michael Raffl, Colin Wilson
Custom OT Lines Defensemen
Justin Braun, Kris Russell, Dylan DeMelo, Carson Soucy, Caleb Jones

Scratches
None


% Time on Ice - VANCOUVER VOODOO

Lines # - Real PCT - Wanted PCT - Time Play
Normal Forward
1 - 35% - 36% - 16:47
2 - 27% - 31% - 12:55
3 - 26% - 25% - 12:21
4 - 12% - 8% - 5:54
Normal Defense
1 - 35% - 36% - 16:47
2 - 34% - 33% - 16:13
3 - 29% - 31% - 13:42
4 - 3% - 0% - 1:15
PP Forward
1 - 58% - 50% - 1:15
2 - 42% - 50% - 0:54
PP Defense
1 - 66% - 50% - 1:25
2 - 34% - 50% - 0:44
PK Forward
1 - 53% - 50% - 5:17
2 - 47% - 50% - 4:37
PK Defense
1 - 47% - 50% - 4:41
2 - 53% - 50% - 5:13
PK3 Forward
1 - 0% - 50%
2 - 0% - 50%
PK3 Defense
1 - 0% - 50%
2 - 0% - 50%
44 Forward
1 - 0% - 55%
2 - 0% - 45%
44 Defense
1 - 0% - 50%
2 - 0% - 50%
Last Minute Offensive  - 0:00
Last Minute Defensive  - 0:00
Total
Forward - 60:00
Defense - 60:00

% Time on Ice - WINNIPEG BEAVERS

Lines # - Real PCT - Wanted PCT - Time Play
Normal Forward
1 - 32% - 34% - 15:15
2 - 30% - 33% - 14:20
3 - 21% - 23% - 10:07
4 - 17% - 10% - 8:15
Normal Defense
1 - 32% - 32% - 15:20
2 - 32% - 32% - 15:31
3 - 33% - 26% - 15:39
4 - 3% - 10% - 1:27
PP Forward
1 - 60% - 53% - 5:59
2 - 40% - 47% - 3:55
PP Defense
1 - 62% - 54% - 6:09
2 - 38% - 46% - 3:45
PK Forward
1 - 41% - 52% - 0:53
2 - 59% - 48% - 1:16
PK Defense
1 - 33% - 53% - 0:43
2 - 67% - 47% - 1:26
PK3 Forward
1 - 0% - 55%
2 - 0% - 45%
PK3 Defense
1 - 0% - 55%
2 - 0% - 45%
44 Forward
1 - 0% - 50%
2 - 0% - 50%
44 Defense
1 - 0% - 50%
2 - 0% - 50%
Last Minute Offensive  - 0:00
Last Minute Defensive  - 0:00
Total
Forward - 60:00
Defense - 60:00

Play-by-Play

1st period


0:01 of 1st period - Jared McCann wins face-off versus Mika Zibanejad in neutral zone.
0:28 of 1st period - Shot by Noel Acciari.
0:28 of 1st period - Shot Misses the Net.
1:22 of 1st period - Shot by Artemi Panarin.
1:22 of 1st period - Stopped by Martin Jones without a rebound.
1:23 of 1st period - Travis Zajac wins face-off versus Andrew Shaw in VANCOUVER VOODOO zone.
1:28 of 1st period - Shot by Travis Zajac.
1:28 of 1st period - Shot Misses the Net.
2:21 of 1st period - Shot by Michael Raffl.
2:21 of 1st period - Deflect By Colin Wilson.
2:21 of 1st period - Stopped by Martin Jones without a rebound.
2:22 of 1st period - David Krejci wins face-off versus Max Jones in VANCOUVER VOODOO zone.
2:25 of 1st period - Shot by Joe Pavelski.
2:25 of 1st period - Stopped by Martin Jones without a rebound.
2:26 of 1st period - Filip Chlapik wins face-off versus David Krejci in VANCOUVER VOODOO zone.
2:26 of 1st period - Filip Chlapik is hit by Joe Pavelski.
2:46 of 1st period - Shot by David Krejci.
2:46 of 1st period - Shot Misses the Net.
3:18 of 1st period - Max Jones is hit by Mika Zibanejad and loses puck.
4:08 of 1st period - Shot by Nicolas Roy.
4:08 of 1st period - Shot Misses the Net.
4:10 of 1st period - Shot by P.K. Subban.
4:10 of 1st period - Stopped by Sergei Bobrovsky without a rebound.
4:11 of 1st period - Travis Zajac wins face-off versus Andrew Shaw in WINNIPEG BEAVERS zone.
4:34 of 1st period - Shot by Sean Kuraly.
4:34 of 1st period - Goal by Sean Kuraly - VANCOUVER VOODOO : 0 - WINNIPEG BEAVERS : 1.
4:35 of 1st period - Jared McCann wins face-off versus Steven Lorentz in neutral zone.
5:08 of 1st period - Shot by Colin Wilson.
5:08 of 1st period - Stopped by Martin Jones with a rebound.
5:31 of 1st period - Icing by Danny DeKeyser.
5:32 of 1st period - David Krejci wins face-off versus Andrew Shaw in VANCOUVER VOODOO zone.
5:47 of 1st period - Shot by Joel Armia.
5:47 of 1st period - Shot Misses the Net.
5:49 of 1st period - Shot by Danny DeKeyser.
5:49 of 1st period - Stopped by Sergei Bobrovsky without a rebound.
5:50 of 1st period - Filip Chlapik wins face-off versus Travis Zajac in WINNIPEG BEAVERS zone.
6:23 of 1st period - Shot by Max Jones.
6:23 of 1st period - Stopped by Sergei Bobrovsky without a rebound.
6:23 of 1st period - Minor Penalty to Sergei Bobrovsky for Slashing.
6:24 of 1st period - Andrew Shaw wins face-off versus Travis Zajac in WINNIPEG BEAVERS zone.
6:53 of 1st period - Icing by Mathew Dumba.
6:54 of 1st period - Travis Zajac wins face-off versus Andrew Shaw in VANCOUVER VOODOO zone.
8:43 of 1st period - Shot by Nicolas Roy.
8:43 of 1st period - Stopped by Sergei Bobrovsky without a rebound.
8:44 of 1st period - Mika Zibanejad wins face-off versus Filip Chlapik in WINNIPEG BEAVERS zone.
8:44 of 1st period - Mika Zibanejad is hit by Filip Chlapik.
9:00 of 1st period - Shot by Filip Chlapik.
9:00 of 1st period - Stopped by Sergei Bobrovsky without a rebound.
9:01 of 1st period - Steven Lorentz wins face-off versus Rasmus Asplund in WINNIPEG BEAVERS zone.
9:26 of 1st period - Shot by P.K. Subban.
9:26 of 1st period - Stopped by Sergei Bobrovsky without a rebound.
9:27 of 1st period - Jared McCann wins face-off versus David Krejci in WINNIPEG BEAVERS zone.
9:33 of 1st period - Artemi Panarin is hit by Brendan Lemieux and loses puck.
10:07 of 1st period - Artemi Panarin is hit by Danny DeKeyser and loses puck.
10:58 of 1st period - Shot by Andrew Shaw.
10:58 of 1st period - Deflect By Joel Armia.
10:58 of 1st period - Shot Misses the Net.
11:00 of 1st period - Shot by Artturi Lehkonen.
11:00 of 1st period - Shot Misses the Net.
11:26 of 1st period - Brad Marchand is hit by Filip Chlapik and loses puck.
11:47 of 1st period - Shot by Filip Chlapik.
11:47 of 1st period - Shot Blocked by Justin Braun.
11:49 of 1st period - Shot by Max Jones.
11:49 of 1st period - Shot Blocked by Mika Zibanejad.
11:51 of 1st period - Shot by P.K. Subban.
11:51 of 1st period - Shot Misses the Net.
12:16 of 1st period - Icing by Mathew Dumba.
12:17 of 1st period - Rasmus Asplund wins face-off versus David Krejci in VANCOUVER VOODOO zone.
12:17 of 1st period - Rasmus Asplund is hit by David Krejci.
12:20 of 1st period - Icing by Mathew Dumba.
12:21 of 1st period - David Krejci wins face-off versus Rasmus Asplund in VANCOUVER VOODOO zone.
12:32 of 1st period - Shot by David Krejci.
12:32 of 1st period - Shot Blocked by Mathew Dumba.
12:44 of 1st period - Shot by Artemi Panarin.
12:44 of 1st period - Stopped by Martin Jones without a rebound.
12:45 of 1st period - Travis Zajac wins face-off versus Andrew Shaw in VANCOUVER VOODOO zone.
12:53 of 1st period - Icing by Nicolas Hague.
12:54 of 1st period - David Krejci wins face-off versus Andrew Shaw in VANCOUVER VOODOO zone.
12:57 of 1st period - Shot by Artemi Panarin.
12:57 of 1st period - Shot Misses the Net.
13:07 of 1st period - Shot by Joe Pavelski.
13:07 of 1st period - Stopped by Martin Jones without a rebound.
13:08 of 1st period - Travis Zajac wins face-off versus Noel Acciari in VANCOUVER VOODOO zone.
13:30 of 1st period - Sean Kuraly is hit by P.K. Subban and loses puck.
13:40 of 1st period - Travis Zajac is hit by P.K. Subban and loses puck.
13:46 of 1st period - Brandon Tanev is hit by P.K. Subban and loses puck.
13:57 of 1st period - Shot by Artemi Panarin.
13:57 of 1st period - Shot Misses the Net.
13:59 of 1st period - Shot by Artemi Panarin.
13:59 of 1st period - Shot Blocked by Mike Green.
14:35 of 1st period - Icing by Artemi Panarin.
14:36 of 1st period - David Krejci wins face-off versus Andrew Shaw in WINNIPEG BEAVERS zone.
14:36 of 1st period - David Krejci is hit by Andrew Shaw.
14:44 of 1st period - Shot by Joe Pavelski.
14:44 of 1st period - Shot Misses the Net.
15:20 of 1st period - Shot by Mika Zibanejad.
15:20 of 1st period - Shot Misses the Net.
15:22 of 1st period - Shot by Mika Zibanejad.
15:22 of 1st period - Stopped by Martin Jones without a rebound.
15:23 of 1st period - Travis Zajac wins face-off versus Filip Chlapik in VANCOUVER VOODOO zone.
15:53 of 1st period - Sean Kuraly is hit by Mathew Dumba and loses puck.
16:01 of 1st period - Brandon Tanev is hit by Danny DeKeyser and loses puck.
16:09 of 1st period - Icing by Danny DeKeyser.
16:10 of 1st period - Artemi Panarin wins face-off versus Filip Chlapik in VANCOUVER VOODOO zone.
16:21 of 1st period - Minor Penalty to Mathew Dumba for Holding.
16:22 of 1st period - Mika Zibanejad wins face-off versus Noel Acciari in VANCOUVER VOODOO zone.
16:23 of 1st period - Shot by Brad Marchand.
16:23 of 1st period - Shot Misses the Net.
16:33 of 1st period - Shot by Mika Zibanejad.
16:33 of 1st period - Stopped by Martin Jones without a rebound.
16:34 of 1st period - Andrew Shaw wins face-off versus Mika Zibanejad in VANCOUVER VOODOO zone.
16:34 of 1st period - Andrew Shaw is hit by Mika Zibanejad.
17:01 of 1st period - Brad Marchand is hit by Jarred Tinordi and loses puck.
17:09 of 1st period - Artemi Panarin is hit by Jarred Tinordi and loses puck.
17:17 of 1st period - Artemi Panarin is hit by Jarred Tinordi and loses puck.
18:30 of 1st period - Shot by Paul Byron.
18:30 of 1st period - Stopped by Sergei Bobrovsky without a rebound.
18:31 of 1st period - Steven Lorentz wins face-off versus Rasmus Asplund in WINNIPEG BEAVERS zone.
18:31 of 1st period - Steven Lorentz is hit by Nicolas Roy.
18:34 of 1st period - Colin Wilson is hit by Nicolas Roy and loses puck.
18:48 of 1st period - Shot by Steven Lorentz.
18:48 of 1st period - Shot Misses the Net.
18:51 of 1st period - Michael Raffl is hit by Mathew Dumba and loses puck.
19:03 of 1st period - Minor Penalty to Rasmus Asplund for Interference.
19:04 of 1st period - Mika Zibanejad wins face-off versus Noel Acciari in VANCOUVER VOODOO zone.
Goals for this period are 0 for VANCOUVER VOODOO vs 1 for WINNIPEG BEAVERS.
Shots for this period are 7 for VANCOUVER VOODOO vs 9 for WINNIPEG BEAVERS.

2nd period


0:01 of 2nd period - Mika Zibanejad wins face-off versus Andrew Shaw in neutral zone.
1:07 of 2nd period - Jarred Tinordi is hit by Nick Seeler and loses puck.
1:37 of 2nd period - Shot by Filip Chlapik.
1:37 of 2nd period - Stopped by Sergei Bobrovsky without a rebound.
1:38 of 2nd period - Sean Kuraly wins face-off versus Andrew Shaw in WINNIPEG BEAVERS zone.
1:47 of 2nd period - Artturi Lehkonen is hit by Brandon Tanev and loses puck.
2:18 of 2nd period - Shot by Brandon Tanev.
2:18 of 2nd period - Shot Misses the Net.
2:20 of 2nd period - Shot by Travis Zajac.
2:20 of 2nd period - Stopped by Martin Jones without a rebound.
2:21 of 2nd period - Jared McCann wins face-off versus Mika Zibanejad in VANCOUVER VOODOO zone.
2:36 of 2nd period - Shot by Brad Marchand.
2:36 of 2nd period - Stopped by Martin Jones without a rebound.
2:37 of 2nd period - Artemi Panarin wins face-off versus Filip Chlapik in VANCOUVER VOODOO zone.
3:06 of 2nd period - Paul Byron is hit by Nick Seeler and loses puck.
3:19 of 2nd period - Shot by Joe Pavelski.
3:19 of 2nd period - Shot Blocked by Paul Byron.
3:57 of 2nd period - Shot by Mika Zibanejad.
3:57 of 2nd period - Stopped by Martin Jones without a rebound.
3:58 of 2nd period - Travis Zajac wins face-off versus Jared McCann in VANCOUVER VOODOO zone.
4:07 of 2nd period - Shot by Travis Zajac.
4:07 of 2nd period - Stopped by Martin Jones without a rebound.
4:08 of 2nd period - Andrew Shaw wins face-off versus Steven Lorentz in VANCOUVER VOODOO zone.
4:35 of 2nd period - Shot by Andrew Shaw.
4:35 of 2nd period - Stopped by Sergei Bobrovsky without a rebound.
4:36 of 2nd period - Mika Zibanejad wins face-off versus Jared McCann in WINNIPEG BEAVERS zone.
4:50 of 2nd period - Shot by Brad Marchand.
4:50 of 2nd period - Stopped by Martin Jones with a rebound.
5:13 of 2nd period - Shot by Mika Zibanejad.
5:13 of 2nd period - Stopped by Martin Jones without a rebound.
5:14 of 2nd period - David Krejci wins face-off versus Andrew Shaw in VANCOUVER VOODOO zone.
5:15 of 2nd period - Shot by Artemi Panarin.
5:15 of 2nd period - Deflect By David Krejci.
5:15 of 2nd period - Shot Misses the Net.
5:17 of 2nd period - Shot by Justin Braun.
5:17 of 2nd period - Shot Misses the Net.
5:19 of 2nd period - Shot by Artemi Panarin.
5:19 of 2nd period - Stopped by Martin Jones with a rebound.
5:21 of 2nd period - Shot by Artemi Panarin.
5:21 of 2nd period - Stopped by Martin Jones with a rebound.
5:23 of 2nd period - Shot by Joe Pavelski.
5:23 of 2nd period - Stopped by Martin Jones without a rebound.
5:24 of 2nd period - Andrew Shaw wins face-off versus David Krejci in VANCOUVER VOODOO zone.
5:28 of 2nd period - Andrew Shaw is hit by Nick Seeler and loses puck.
5:34 of 2nd period - Andrew Shaw is hit by Nick Seeler and loses puck.
5:39 of 2nd period - Shot by Joel Armia.
5:39 of 2nd period - Stopped by Sergei Bobrovsky with a rebound.
5:59 of 2nd period - Joel Armia is hit by Nick Seeler and loses puck.
6:11 of 2nd period - Off-side.
6:12 of 2nd period - Mika Zibanejad wins face-off versus Jared McCann in neutral zone.
6:21 of 2nd period - Shot by Jared McCann.
6:21 of 2nd period - Stopped by Sergei Bobrovsky with a rebound.
6:41 of 2nd period - Shot by Brad Marchand.
6:41 of 2nd period - Stopped by Martin Jones without a rebound.
6:42 of 2nd period - Filip Chlapik wins face-off versus Travis Zajac in VANCOUVER VOODOO zone.
7:07 of 2nd period - Shot by Brandon Tanev.
7:07 of 2nd period - Deflect By Travis Zajac.
7:07 of 2nd period - Shot Blocked by Filip Chlapik.
7:15 of 2nd period - Shot by Brandon Tanev.
7:15 of 2nd period - Stopped by Martin Jones without a rebound.
7:16 of 2nd period - David Krejci wins face-off versus Jared McCann in VANCOUVER VOODOO zone.
7:19 of 2nd period - Shot by Artemi Panarin.
7:19 of 2nd period - Shot Blocked by Noel Acciari.
7:21 of 2nd period - Shot by Artemi Panarin.
7:21 of 2nd period - Stopped by Martin Jones with a rebound.
7:23 of 2nd period - Shot by Kris Russell.
7:23 of 2nd period - Stopped by Martin Jones without a rebound.
7:24 of 2nd period - Jared McCann wins face-off versus Mika Zibanejad in VANCOUVER VOODOO zone.
7:33 of 2nd period - Icing by Dylan DeMelo.
7:34 of 2nd period - Mika Zibanejad wins face-off versus Andrew Shaw in WINNIPEG BEAVERS zone.
7:34 of 2nd period - Brad Marchand is hit by Artturi Lehkonen and loses puck.
8:02 of 2nd period - Shot by Mika Zibanejad.
8:02 of 2nd period - Shot Misses the Net.
8:10 of 2nd period - Shot by Brad Marchand.
8:10 of 2nd period - Stopped by Martin Jones with a rebound.
8:20 of 2nd period - Shot by Brad Marchand.
8:20 of 2nd period - Deflect By Mika Zibanejad.
8:20 of 2nd period - Shot Blocked by Mathew Dumba.
8:46 of 2nd period - Shot by David Krejci.
8:46 of 2nd period - Shot Misses the Net.
9:52 of 2nd period - Icing by Nick Seeler.
9:53 of 2nd period - Travis Zajac wins face-off versus Filip Chlapik in WINNIPEG BEAVERS zone.
10:49 of 2nd period - Icing by Kris Russell.
10:50 of 2nd period - Mika Zibanejad wins face-off versus Andrew Shaw in WINNIPEG BEAVERS zone.
11:23 of 2nd period - Mika Zibanejad is hit by Andrew Shaw and loses puck.
11:55 of 2nd period - Off-side.
11:56 of 2nd period - Steven Lorentz wins face-off versus Jared McCann in neutral zone.
12:09 of 2nd period - Shot by Noel Acciari.
12:09 of 2nd period - Shot Blocked by Caleb Jones.
12:11 of 2nd period - Shot by Jared McCann.
12:11 of 2nd period - Stopped by Sergei Bobrovsky with a rebound.
12:20 of 2nd period - Shot by Brendan Lemieux.
12:20 of 2nd period - Stopped by Sergei Bobrovsky without a rebound.
12:21 of 2nd period - David Krejci wins face-off versus Rasmus Asplund in WINNIPEG BEAVERS zone.
12:45 of 2nd period - Minor Penalty to Rasmus Asplund for Hooking.
12:46 of 2nd period - Mika Zibanejad wins face-off versus Andrew Shaw in VANCOUVER VOODOO zone.
13:11 of 2nd period - Shot by Artemi Panarin.
13:11 of 2nd period - Shot Misses the Net.
13:13 of 2nd period - Shot by Dylan DeMelo.
13:13 of 2nd period - Shot Misses the Net.
13:28 of 2nd period - Mika Zibanejad is hit by Jarred Tinordi and loses puck.
13:56 of 2nd period - Shot by Joe Pavelski.
13:56 of 2nd period - Stopped by Martin Jones without a rebound.
13:57 of 2nd period - David Krejci wins face-off versus Andrew Shaw in VANCOUVER VOODOO zone.
14:20 of 2nd period - Shot by David Krejci.
14:20 of 2nd period - Shot Blocked by Mathew Dumba.
15:10 of 2nd period - Shot by Filip Chlapik.
15:10 of 2nd period - Shot Blocked by Steven Lorentz.
15:12 of 2nd period - Shot by Filip Chlapik.
15:12 of 2nd period - Stopped by Sergei Bobrovsky with a rebound.
15:33 of 2nd period - Shot by Rasmus Asplund.
15:33 of 2nd period - Shot Misses the Net.
16:01 of 2nd period - Shot by Nicolas Roy.
16:01 of 2nd period - Shot Misses the Net.
16:03 of 2nd period - Shot by Danny DeKeyser.
16:03 of 2nd period - Shot Misses the Net.
16:13 of 2nd period - Noel Acciari is hit by Steven Lorentz and loses puck.
16:39 of 2nd period - Shot by Noel Acciari.
16:39 of 2nd period - Shot Hit the Post.
17:20 of 2nd period - Shot by Joel Armia.
17:20 of 2nd period - Deflect By Andrew Shaw.
17:20 of 2nd period - Stopped by Sergei Bobrovsky without a rebound.
17:21 of 2nd period - David Krejci wins face-off versus Filip Chlapik in WINNIPEG BEAVERS zone.
17:21 of 2nd period - David Krejci is hit by Paul Byron.
17:24 of 2nd period - Artemi Panarin is hit by Filip Chlapik and loses puck.
17:45 of 2nd period - Joe Pavelski and Filip Chlapik fight to a draw.
17:45 of 2nd period - Penalty to Joe Pavelski for Fighting.
17:45 of 2nd period - Penalty to Filip Chlapik for Fighting.
17:46 of 2nd period - Mika Zibanejad wins face-off versus Jared McCann in VANCOUVER VOODOO zone.
18:07 of 2nd period - Shot by Mika Zibanejad.
18:07 of 2nd period - Stopped by Martin Jones without a rebound.
18:08 of 2nd period - David Krejci wins face-off versus Andrew Shaw in VANCOUVER VOODOO zone.
18:17 of 2nd period - Shot by Artemi Panarin.
18:17 of 2nd period - Goal by Artemi Panarin - VANCOUVER VOODOO : 0 - WINNIPEG BEAVERS : 2.
18:18 of 2nd period - Andrew Shaw wins face-off versus David Krejci in neutral zone.
18:18 of 2nd period - Andrew Shaw is hit by Artemi Panarin.
18:26 of 2nd period - Shot by Paul Byron.
18:26 of 2nd period - Stopped by Sergei Bobrovsky with a rebound.
18:28 of 2nd period - Shot by Andrew Shaw.
18:28 of 2nd period - Goal by Andrew Shaw - VANCOUVER VOODOO : 1 - WINNIPEG BEAVERS : 2.
18:29 of 2nd period - Travis Zajac wins face-off versus Jared McCann in neutral zone.
19:52 of 2nd period - Shot by Artemi Panarin.
19:52 of 2nd period - Shot Misses the Net.
19:54 of 2nd period - Shot by Artemi Panarin.
19:54 of 2nd period - Stopped by Martin Jones without a rebound.
19:55 of 2nd period - Jared McCann wins face-off versus Mika Zibanejad in VANCOUVER VOODOO zone.
19:59 of 2nd period - Off-side.
Goals for this period are 1 for VANCOUVER VOODOO vs 1 for WINNIPEG BEAVERS.
Shots for this period are 10 for VANCOUVER VOODOO vs 18 for WINNIPEG BEAVERS.

3rd period


0:01 of 3rd period - Jared McCann wins face-off versus Brad Marchand in neutral zone.
0:08 of 3rd period - Shot by Jared McCann.
0:08 of 3rd period - Stopped by Sergei Bobrovsky without a rebound.
0:09 of 3rd period - Andrew Shaw wins face-off versus Mika Zibanejad in WINNIPEG BEAVERS zone.
0:21 of 3rd period - Artturi Lehkonen is hit by Caleb Jones and loses puck.
1:07 of 3rd period - Icing by Kris Russell.
1:08 of 3rd period - Jared McCann wins face-off versus David Krejci in WINNIPEG BEAVERS zone.
1:14 of 3rd period - Minor Penalty to Dylan DeMelo for Tripping.
1:15 of 3rd period - Travis Zajac wins face-off versus Jared McCann in WINNIPEG BEAVERS zone.
1:24 of 3rd period - Shot by Noel Acciari.
1:24 of 3rd period - Goal by Noel Acciari - VANCOUVER VOODOO : 2 - WINNIPEG BEAVERS : 2.
1:25 of 3rd period - Jared McCann wins face-off versus David Krejci in neutral zone.
2:20 of 3rd period - Icing by Mathew Dumba.
2:21 of 3rd period - Travis Zajac wins face-off versus Andrew Shaw in VANCOUVER VOODOO zone.
2:31 of 3rd period - Travis Zajac is hit by Danny DeKeyser and loses puck.
2:43 of 3rd period - Minor Penalty to Mathew Dumba for Diving.
2:44 of 3rd period - Steven Lorentz wins face-off versus Rasmus Asplund in VANCOUVER VOODOO zone.
2:44 of 3rd period - Steven Lorentz is hit by P.K. Subban.
3:10 of 3rd period - Shot by Artemi Panarin.
3:10 of 3rd period - Shot Blocked by P.K. Subban.
3:12 of 3rd period - Shot by Mika Zibanejad.
3:12 of 3rd period - Stopped by Martin Jones with a rebound.
3:40 of 3rd period - Shot by Gustav Nyquist.
3:40 of 3rd period - Stopped by Martin Jones without a rebound.
3:41 of 3rd period - Andrew Shaw wins face-off versus David Krejci in VANCOUVER VOODOO zone.
3:50 of 3rd period - Danny DeKeyser is hit by Brandon Tanev and loses puck.
3:57 of 3rd period - Shot by Brandon Tanev.
3:57 of 3rd period - Shot Blocked by Jarred Tinordi.
3:59 of 3rd period - Shot by Dylan DeMelo.
3:59 of 3rd period - Shot Misses the Net.
4:01 of 3rd period - Shot by Dylan DeMelo.
4:01 of 3rd period - Stopped by Martin Jones without a rebound.
4:02 of 3rd period - Andrew Shaw wins face-off versus Artemi Panarin in VANCOUVER VOODOO zone.
5:08 of 3rd period - Shot by Travis Zajac.
5:08 of 3rd period - Shot Misses the Net.
5:14 of 3rd period - Shot by Brandon Tanev.
5:14 of 3rd period - Stopped by Martin Jones without a rebound.
5:15 of 3rd period - Jared McCann wins face-off versus Steven Lorentz in VANCOUVER VOODOO zone.
5:33 of 3rd period - Minor Penalty to Brendan Lemieux for Hooking.
5:34 of 3rd period - Noel Acciari wins face-off versus Mika Zibanejad in VANCOUVER VOODOO zone.
6:03 of 3rd period - Shot by Mika Zibanejad.
6:03 of 3rd period - Stopped by Martin Jones without a rebound.
6:04 of 3rd period - David Krejci wins face-off versus Andrew Shaw in VANCOUVER VOODOO zone.
6:23 of 3rd period - Shot by David Krejci.
6:23 of 3rd period - Shot Misses the Net.
7:24 of 3rd period - Shot by Brad Marchand.
7:24 of 3rd period - Stopped by Martin Jones without a rebound.
7:25 of 3rd period - Mika Zibanejad wins face-off versus Andrew Shaw in VANCOUVER VOODOO zone.
7:30 of 3rd period - Shot by Brad Marchand.
7:30 of 3rd period - Shot Blocked by Danny DeKeyser.
7:32 of 3rd period - Shot by Brad Marchand.
7:32 of 3rd period - Stopped by Martin Jones without a rebound.
7:33 of 3rd period - Steven Lorentz wins face-off versus Filip Chlapik in VANCOUVER VOODOO zone.
8:05 of 3rd period - Shot by Michael Raffl.
8:05 of 3rd period - Stopped by Martin Jones without a rebound.
8:06 of 3rd period - Jared McCann wins face-off versus Mika Zibanejad in VANCOUVER VOODOO zone.
8:47 of 3rd period - Icing by Brad Marchand.
8:48 of 3rd period - Mika Zibanejad wins face-off versus Andrew Shaw in WINNIPEG BEAVERS zone.
8:53 of 3rd period - Shot by Artturi Lehkonen.
8:53 of 3rd period - Stopped by Sergei Bobrovsky without a rebound.
8:54 of 3rd period - Andrew Shaw wins face-off versus David Krejci in WINNIPEG BEAVERS zone.
9:07 of 3rd period - Shot by Artturi Lehkonen.
9:07 of 3rd period - Stopped by Sergei Bobrovsky without a rebound.
9:08 of 3rd period - Filip Chlapik wins face-off versus Travis Zajac in WINNIPEG BEAVERS zone.
9:40 of 3rd period - Icing by Carson Soucy.
9:41 of 3rd period - Jared McCann wins face-off versus Travis Zajac in WINNIPEG BEAVERS zone.
10:04 of 3rd period - Icing by Danny DeKeyser.
10:05 of 3rd period - Jared McCann wins face-off versus Mika Zibanejad in VANCOUVER VOODOO zone.
10:47 of 3rd period - Shot by Brad Marchand.
10:47 of 3rd period - Shot Misses the Net.
10:49 of 3rd period - Shot by Brad Marchand.
10:49 of 3rd period - Shot Misses the Net.
11:05 of 3rd period - Shot by David Krejci.
11:05 of 3rd period - Stopped by Martin Jones without a rebound.
11:06 of 3rd period - Andrew Shaw wins face-off versus Brandon Tanev in VANCOUVER VOODOO zone.
11:10 of 3rd period - Icing by Artturi Lehkonen.
11:11 of 3rd period - David Krejci wins face-off versus Andrew Shaw in VANCOUVER VOODOO zone.
11:49 of 3rd period - Artemi Panarin is hit by Mike Green and loses puck.
12:23 of 3rd period - Paul Byron is hit by Dylan DeMelo.
12:29 of 3rd period - Shot by Paul Byron.
12:29 of 3rd period - Stopped by Sergei Bobrovsky with a rebound.
13:22 of 3rd period - Icing by Mika Zibanejad.
13:23 of 3rd period - Mika Zibanejad wins face-off versus Jared McCann in WINNIPEG BEAVERS zone.
14:09 of 3rd period - Icing by Mika Zibanejad.
14:10 of 3rd period - Andrew Shaw wins face-off versus Gustav Nyquist in WINNIPEG BEAVERS zone.
14:40 of 3rd period - Artturi Lehkonen is hit by Caleb Jones.
15:09 of 3rd period - Icing by Mathew Dumba.
15:10 of 3rd period - David Krejci wins face-off versus Filip Chlapik in VANCOUVER VOODOO zone.
15:25 of 3rd period - Shot by Artemi Panarin.
15:25 of 3rd period - Stopped by Martin Jones with a rebound.
15:35 of 3rd period - Shot by Paul Byron.
15:35 of 3rd period - Shot Misses the Net.
17:10 of 3rd period - Shot by Sean Kuraly.
17:10 of 3rd period - Deflect By Travis Zajac.
17:10 of 3rd period - Shot Blocked by Jarred Tinordi.
17:54 of 3rd period - Shot by Rasmus Asplund.
17:54 of 3rd period - Shot Misses the Net.
18:00 of 3rd period - Shot by Nicolas Roy.
18:00 of 3rd period - Shot Misses the Net.
18:02 of 3rd period - Shot by Danny DeKeyser.
18:02 of 3rd period - Shot Blocked by Kris Russell.
18:14 of 3rd period - Shot by Paul Byron.
18:14 of 3rd period - Stopped by Sergei Bobrovsky without a rebound.
18:15 of 3rd period - Mika Zibanejad wins face-off versus Jared McCann in WINNIPEG BEAVERS zone.
18:20 of 3rd period - Shot by Mika Zibanejad.
18:20 of 3rd period - Shot Misses the Net.
18:22 of 3rd period - Shot by Mika Zibanejad.
18:22 of 3rd period - Deflect By Brad Marchand.
18:22 of 3rd period - Stopped by Martin Jones with a rebound.
Goals for this period are 1 for VANCOUVER VOODOO vs 0 for WINNIPEG BEAVERS.
Shots for this period are 6 for VANCOUVER VOODOO vs 11 for WINNIPEG BEAVERS.

Overtime #1


0:01 of 1st overtime period - Mika Zibanejad wins face-off versus Noel Acciari in neutral zone.
0:36 of 1st overtime period - Shot by Brad Marchand.
0:36 of 1st overtime period - Stopped by Martin Jones without a rebound.
0:37 of 1st overtime period - Jared McCann wins face-off versus Joe Pavelski in VANCOUVER VOODOO zone.
0:48 of 1st overtime period - Shot by Joel Armia.
0:48 of 1st overtime period - Stopped by Sergei Bobrovsky without a rebound.
0:49 of 1st overtime period - Mika Zibanejad wins face-off versus Noel Acciari in WINNIPEG BEAVERS zone.
1:05 of 1st overtime period - Shot by Mika Zibanejad.
1:05 of 1st overtime period - Stopped by Martin Jones with a rebound.
1:07 of 1st overtime period - Shot by Mika Zibanejad.
1:07 of 1st overtime period - Shot Blocked by Andrew Shaw.
1:38 of 1st overtime period - Icing by Noel Acciari.
1:39 of 1st overtime period - Noel Acciari wins face-off versus Joe Pavelski in VANCOUVER VOODOO zone.
1:49 of 1st overtime period - Icing by Kris Russell.
1:50 of 1st overtime period - Joe Pavelski wins face-off versus Jared McCann in WINNIPEG BEAVERS zone.
1:50 of 1st overtime period - Joe Pavelski is hit by Joel Armia.
2:14 of 1st overtime period - Shot by Joe Pavelski.
2:14 of 1st overtime period - Deflect By Artemi Panarin.
2:14 of 1st overtime period - Shot Misses the Net.
2:17 of 1st overtime period - Icing by Danny DeKeyser.
2:18 of 1st overtime period - Mika Zibanejad wins face-off versus Jared McCann in VANCOUVER VOODOO zone.
2:29 of 1st overtime period - Shot by Brad Marchand.
2:29 of 1st overtime period - Deflect By Mika Zibanejad.
2:29 of 1st overtime period - Stopped by Martin Jones without a rebound.
2:30 of 1st overtime period - Noel Acciari wins face-off versus Mika Zibanejad in VANCOUVER VOODOO zone.
2:34 of 1st overtime period - Icing by Andrew Shaw.
2:35 of 1st overtime period - Mika Zibanejad wins face-off versus Noel Acciari in VANCOUVER VOODOO zone.
2:38 of 1st overtime period - Shot by Mika Zibanejad.
2:38 of 1st overtime period - Stopped by Martin Jones without a rebound.
2:39 of 1st overtime period - Mika Zibanejad wins face-off versus Noel Acciari in VANCOUVER VOODOO zone.
2:52 of 1st overtime period - Shot by Brad Marchand.
2:52 of 1st overtime period - Stopped by Martin Jones without a rebound.
2:53 of 1st overtime period - Mika Zibanejad wins face-off versus Noel Acciari in VANCOUVER VOODOO zone.
3:16 of 1st overtime period - Shot by Mika Zibanejad.
3:16 of 1st overtime period - Shot Misses the Net.
4:14 of 1st overtime period - Shot by Joel Armia.
4:14 of 1st overtime period - Shot Blocked by Kris Russell.
Goals for this period are 0 for VANCOUVER VOODOO vs 0 for WINNIPEG BEAVERS.
Shots for this period are 1 for VANCOUVER VOODOO vs 5 for WINNIPEG BEAVERS.

ShootOut


5:00 of 1st overtime period - Round #1.
5:00 of 1st overtime period - VANCOUVER VOODOO, Paul Byron.
5:00 of 1st overtime period - Shot Misses the Net.
5:00 of 1st overtime period - WINNIPEG BEAVERS, Brad Marchand.
5:00 of 1st overtime period - Goal by Brad Marchand.
5:00 of 1st overtime period - Round #2.
5:00 of 1st overtime period - VANCOUVER VOODOO, Noel Acciari.
5:00 of 1st overtime period - Stopped by Sergei Bobrovsky.
5:00 of 1st overtime period - WINNIPEG BEAVERS, Mika Zibanejad.
5:00 of 1st overtime period - Stopped by Martin Jones.
5:00 of 1st overtime period - Round #3.
5:00 of 1st overtime period - VANCOUVER VOODOO, Joel Armia.
5:00 of 1st overtime period - Goal by Joel Armia.
5:00 of 1st overtime period - WINNIPEG BEAVERS, Artemi Panarin.
5:00 of 1st overtime period - Shot Misses the Net.
5:00 of 1st overtime period - Round #4.
5:00 of 1st overtime period - VANCOUVER VOODOO, Jared McCann.
5:00 of 1st overtime period - Goal by Jared McCann.
5:00 of 1st overtime period - WINNIPEG BEAVERS, Joe Pavelski.
5:00 of 1st overtime period - Shot Misses the Net.


NATHAN
MACKINNON
PHILLIP
DANAULT
CONNOR
MCDAVID

EAST COAST

HOCKEY LEAGUE

  • 25.QUE4CHI5
  • 26.CHA2LIM3
  • 27.TRV2LON3
  • 28.CHW4BAL2
  • 29.PITMAN
  • 30.ATLNHW
  • 31.WORPET
  • 32.RHI